 Dungeon Crawl Stone Soup version 0.25.1-2-g60ff931df9 (webtiles) character file.

Game seed: 15918758926772381817

180 hawla the Twirler (level 5, -3/45 HPs)
             Began as a Minotaur Gladiator on Oct 18, 2020.
             Slain by Grinder (6 damage)
             ... on level 3 of the Dungeon.
             The game lasted 00:08:15 (3214 turns).

hawla the Twirler (Minotaur Gladiator)              Turns: 3214, Time: 00:08:17

Health: -3/45      AC:  3    Str: 19    XL:     5   Next: 33%
Magic:  4/4        EV: 14    Int:  5    God:
Gold:   102        SH:  0    Dex: 12    Spells: 4/4 levels left

rFire    . . .     SeeInvis .   a - +1 quarterstaff
rCold    . . .     Gourm    .   (shield currently unavailable)
rNeg     . . .     Faith    .   b - +0 leather armour
rPois    .         Spirit   .   c - +0 hat
rElec    .         Reflect  .   (no cloak)
rCorr    .         Harm     .   (no gloves)
MR       .....                  (no boots)
Stlth    +.........             m - amulet of magic regeneration
HPRegen  0.15/turn              (no ring)
MPRegen  0.34/turn              (no ring)

@: about to teleport
A: retaliatory headbutt, horns 2
a: no special abilities


You were on level 3 of the Dungeon.
You were not hungry.

You visited 1 branch of the dungeon, and saw 3 of its levels.

You collected 102 gold pieces.

Inventory:

Hand Weapons
 a - a +1 quarterstaff (weapon)
Missiles
 d - 4 throwing nets (quivered)
Armour
 b - a +0 leather armour (worn)
 c - a +0 hat (worn)
 e - a +0 ring mail
Jewellery
 m - an amulet of magic regeneration (around neck)
 o - an uncursed ring of ice
Scrolls
 h - a scroll of fog
Potions
 i - a potion of might {unknown}
 k - a potion of ambrosia {unknown}
 l - a potion of brilliance
 n - a potion of curing {unknown}
Comestibles
 f - 6 rations
 j - 6 chunks of flesh


   Skills:
 + Level 3.1 Fighting
 + Level 5.3 Staves
 + Level 2.0 Throwing
 + Level 2.2 Armour
 * Level 4.7 Dodging


You had 4 spell levels left.
You didn't know any spells.
Your spell library was empty.

Dungeon Overview and Level Annotations

Branches:
Dungeon (3/15)

Altars:
Uskayaw

Annotations:
D:3 Grinder


Innate Abilities, Weirdness & Mutations

You reflexively headbutt those who attack you in melee.
You have a pair of horns on your head.


Message History

You barely miss Grinder.
Grinder is heavily wounded.
The quokka closely misses you. The leopard gecko bites you.
Grinder blinks!
As you read the scroll labeled JAIRRIECZU, it crumbles to dust.
It is a scroll of amnesia.
You feel forgetful for a moment. The quokka barely misses you.
The leopard gecko barely misses you.
As you read the scroll of teleportation, it crumbles to dust.
You feel strangely unstable. The quokka misses you. You furiously retaliate!
You headbutt the quokka, but do no damage.
The leopard gecko bites you.
* * * LOW HITPOINT WARNING * * *
You hit Grinder but do no damage.
Grinder is heavily wounded.
The quokka bites you.
* * * LOW HITPOINT WARNING * * *
The leopard gecko closely misses you. Grinder hits you.
* * * LOW HITPOINT WARNING * * *
You writhe in agony.
You die...

...........##.
..#.#.#.#$...
............
#.#.#.#..#
........#
#......###..
..##.r5l......
#...#@?..#
#....)..#
#.#.##(### #
######## #
#.##(###.#
.......#
#.##.#......#
.#####..
.........##.##.#
........
.##....(.)....#
.#######
###...##.#### .#
#...# .#


You could see Grinder, a leopard gecko and a quokka.

Vanquished Creatures
  An orc wizard (D:3)
  3 adders (D:2)
  4 gnolls
  An ooze (D:1)
  2 worms (D:2)
  3 dart slugs
  4 leopard geckos
  4 orcs (D:3)
  A giant cockroach (D:2)
  4 goblins
  5 hobgoblins
  4 jackals (D:1)
  7 kobolds
  2 quokkas
  A ball python (D:1)
  8 bats
  5 frilled lizards
  7 rats
66 creatures vanquished.

Notes
Turn   | Place    | Note
-------+----------+-------------------------------------------
     0 | D:1      | hawla the Minotaur Gladiator began the quest for the Orb.
     0 | D:1      | Reached XP level 1. HP: 18/18 MP: 0/0
   247 | D:1      | Reached XP level 2. HP: 22/25 MP: 1/1
   772 | D:1      | Reached skill level 4 in Staves
   778 | D:1      | Reached XP level 3. HP: 15/30 MP: 2/2
  1374 | D:2      | Found a hide-covered altar of Uskayaw.
  1557 | D:1      | Reached skill level 1 in Armour
  1557 | D:1      | Reached XP level 4. HP: 37/37 MP: 3/3
  2404 | D:2      | Reached skill level 5 in Staves
  2992 | D:3      | Reached XP level 5. HP: 45/45 MP: 4/4
  3201 | D:3      | Noticed Grinder
  3214 | D:3      | Slain by Grinder

Illustrated notes

Levels and vault maps discovered:
D:1:      dpeg_arrival_renting, layout_basic, chequers_garden
D:2:      layout_loops_corners, lemuel_coloured_pillars_altar, first_ration,
          item_on_display_a
D:3:      layout_loops_ring, nemelex_xobeh_ov_fountains_minmay, serial_glass,
          glass_columns_c, glass_columns_a, glass_columns_b, glass_columns_a,
          glass_columns_c, glass_columns_a, uniq_crazy_yiuf_cottage,
          uniq_grinder

Skill      XL: |  1  2  3  4 |
---------------+-------------+-----
Dodging        | 4 |  4.7
Staves         | 4 5 |  5.3
Armour         | 1 2 |  2.2
Fighting       | 3 |  3.1
Throwing       | |  2.0

Action                   |  1- 3 |  4- 6 || total
-------------------------+-------+-------++-------
Melee: Quarterstaff      |    81 |    92 ||   173
       Headbutt          |     5 |    13 ||    18
Throw: Throwing net      |       |     1 ||     1
  Use: Scroll            |     4 |     4 ||     8
 Stab: Sleeping          |     1 |       ||     1
  Eat: Chunk             |     2 |     5 ||     7
Armor: Leather armour    |    19 |     9 ||    28
Dodge: Dodged            |    55 |    61 ||   116
